 Dungeon Crawl Stone Soup version 0.29.1-2-gbd0b4ee654 (webtiles) character file.

Game seed: 17740330689631718850

25817 cdecastro the Basher (level 12, -5/74 HPs)
             Began as a Mummy Ice Elementalist on Nov 5, 2022.
             Was a High Priest of Sif Muna.
             Slain by a two-headed ogre
             ... wielding a +0 giant club
              (23 damage)
             ... on level 13 of the Dungeon.
             The game lasted 00:53:10 (20567 turns).

cdecastro the Basher (Mummy Ice Elementalist)      Turns: 20567, Time: 00:53:12

Health: -5/74      AC:  7    Str: 12    XL:     12   Next: 92%
Magic:  26/26      EV: 12    Int: 19    God:    Sif Muna [*****.]
Gold:   767        SH:  0    Dex: 15    Spells: 20/31 levels left

rFire   + . .      SeeInvis .   o - +11 whip of the Shrike {freeze, Dex+3}
rCold   . . .      Faith    .   p - orb {light}
rNeg    + + +      Spirit   .   E - +2 robe {rF+}
rPois   ∞          Reflect  .   m - +0 helmet
rElec   .          Harm     .   C - +0 cloak
rCorr   .          Rampage  .   (no gloves)
Will    ++...                   Q - +0 pair of boots
Stlth   +.........              (no amulet)
HPRegen 0.22/turn               d - ring of willpower
MPRegen 0.20/turn               t - ring of fire

@: about to teleport, glowing
A: cold resistance 1, negative energy resistance 3, torment resistance 2, heat
vulnerability 1, in touch with death 1, no potions
a: Renounce Religion, Channel Magic, Forget Spell, Divine Exegesis


You were on level 13 of the Dungeon.
You worshipped Sif Muna.
Sif Muna was extremely pleased with you.
You visited 1 branch of the dungeon, and saw 13 of its levels.
You also visited: Ossuary.

You collected 1144 gold pieces.
You spent 377 gold pieces at shops.

Inventory:

Hand Weapons
 b - a +0 hand axe
 j - a +0 dagger
 l - the +9 short sword of Pis Ceuch {vorpal, rCorr Str-5 Int+4 Dex+4}
   (You found it on level 4 of the Dungeon)

   It inflicts extra damage upon your enemies.
   Str:       It affects your strength (-5).
   Int:       It affects your intelligence (+4).
   Dex:       It affects your dexterity (+4).
   rCorr:     It protects you from acid and corrosion.
 o - the +11 whip of the Shrike (weapon) {freeze, Dex+3}
   (You found it on level 4 of the Dungeon)

   It freezes those it strikes, dealing additional cold damage.
   It can also slow down cold-blooded creatures.
   Dex:       It affects your dexterity (+3).
Missiles
 e - 144 stones
 f - 41 poisoned darts
 q - 4 silver boomerangs
 u - 3 boomerangs
 x - 3 atropa-tipped darts
 K - 2 curare-tipped darts
 S - 4 javelins
Armour
 a - a +0 robe
 m - a +0 helmet (worn)
 p - an orb of light (worn)
 z - a +0 leather armour
 A - a +0 ring mail
 C - a +0 cloak (worn)
 E - a +2 robe of fire resistance (worn)
 Q - a +0 pair of boots (worn)
 R - a +0 troll leather armour
Magical Staves
 k - a staff of conjuration
Jewellery
 d - a ring of willpower (left hand)
 t - a ring of fire (right hand)
 v - a +4 ring of evasion
 y - a ring of flight
 D - a ring of magical power
Wands
 w - a wand of roots (5)
 L - a wand of charming (13)
 M - a wand of flame (19)
 O - a wand of mindburst (7)
Scrolls
 c - 2 scrolls of enchant armour
 g - 4 scrolls of vulnerability
 h - 3 scrolls of enchant weapon
 i - 3 scrolls of teleportation
 n - 2 scrolls of magic mapping
 r - 3 scrolls of identify
 s - 4 scrolls of amnesia
 B - 4 scrolls of blinking
 F - 3 scrolls of immolation
 G - 4 scrolls of summoning
 I - a scroll of torment
 J - a scroll of fog
 N - 2 scrolls of silence
 P - 2 scrolls of poison


   Skills:
 + Level 11.0 Maces & Flails
 - Level 1.5 Dodging
 - Level 1.5 Stealth
 - Level 10.0 Spellcasting
 - Level 8.6 Conjurations
 - Level 10.0 Ice Magic
 * Level 5.1 Invocations


You had 20 spell levels left.
You knew the following spells:

 Your Spells              Type           Power      Damage    Failure   Level
a - Freeze                Ice            100%       1d11      1%          1
b - Frozen Ramparts       Ice            94%        1d15      1%          3
c - Ozocubu's Armour      Ice            47%        N/A       1%          3
d - Hailstorm             Conj/Ice       44%        3d10      1%          4

Your spell library contained the following spells:

 Spells                   Type           Power      Damage    Failure   Level
 Magic Dart               Conj           100%       1d8       1%          1
 Shock                    Conj/Air       100%       1d9       1%          1
 Ensorcelled Hibernation  Hex/Ice        56%        N/A       1%          2
 Static Discharge         Conj/Air       25%        3-7/arc   1%          2
 Stone Arrow              Conj/Erth      50%        3d10      3%          3
 Mephitic Cloud           Conj/Pois/Air  20%        N/A       7%          3
 Apportation              Tloc           18%        N/A       8%          1
 Blink                    Tloc           18%        N/A       11%         2
 Call Imp                 Summ           9%         N/A       11%         2
 Sticky Flame             Conj/Fire      38%        2d6       13%         4
 Confusing Touch          Hex            9%         N/A       22%         3
 Lesser Beckoning         Tloc           9%         N/A       22%         3
 Tukima's Dance           Hex            9%         N/A       22%         3
 Metabolic Englaciation   Hex/Ice        14%        N/A       26%         5
 Anguish                  Hex/Necr       7%         N/A       58%         4
 Animate Armour           Summ/Erth      18%        N/A       58%         4
 Cause Fear               Hex            4%         N/A       58%         4
 Dispel Undead            Necr           14%        3d10      58%         4
 Leda's Liquefaction      Hex/Erth       4%         N/A       58%         4
 Summon Lightning Spire   Summ/Air       9%         N/A       58%         4
 Ozocubu's Refrigeration  Ice            23%        4d12      71%         7
 Conjure Ball Lightning   Conj/Air       12%        3x3d6     89%         6
 Alistair's Intoxication  Tmut/Pois      6%         N/A       90%         5
 Lee's Rapid Deconstruct  Erth           4%         3d6*      90%         5
 Manifold Assault         Tloc           9%         N/A       90%         5
 Yara's Violent Unravell  Hex/Tmut       4%         3d4       90%         5
 Enfeeble                 Hex            4%         N/A       100%        7
 Lehudib's Crystal Spear  Conj/Erth      12%        10d4      100%        8
 Maxwell's Capacitive Co  Air            4%         ∞         100%        8
 Dragon's Call            Summ           4%         N/A       100%        9
 Polar Vortex             Ice            23%        N/A       100%        9
 Statue Form              Tmut/Erth      Unusable   N/A       N/A         6
 Dragon Form              Tmut           Unusable   N/A       N/A         7
 Storm Form               Tmut/Air       Unusable   N/A       N/A         7

Dungeon Overview and Level Annotations

Branches:
Dungeon (13/15)            Temple (0/1) D:4            Lair (0/5) D:11
    Orc (0/2) D:11        Ossuary (visited)
 Vaults: D:13-14

Altars:
Dithmenos
Ru
Sif Muna
Wu Jian
Xom
Yredelemnul

Shops:
D:5 [   D:6 [   D:11 [(

Annotations:
D:10 1 runed translucent door, croobank's ghost, journeyman OpSu
D:11 3 runed translucent doors, Bombi's ghost, journeyman SpWn
D:12 Erolcha
D:13 Nessos


Innate Abilities, Weirdness & Mutations

You are immune to poison.
Your flesh is cold resistant. (rC+)
You are immune to negative energy. (rN+++)
You are immune to unholy pain and torment.
You are vulnerable to heat. (rF-)
You are in touch with the powers of death.
You do not drink.


Message History

Aim: Nessos, wearing a +0 barding (wandering, hasn't noticed you, chance to affect: 64%)
Okay, then.
Unknown command.
Okay, then.
Unknown command.
You close the door.
There is an open door here.
You close the door.
Something unseen opens the door.
Nessos shouts!
Nessos wields a +2 longbow of flaming.
It bursts into flame!
Nessos shoots an arrow.
The arrow hits you!
Nessos casts a spell.
Nessos seems to speed up.
Nessos shouts, "I'm half human!
Half horse!
And all stone-cold KILLER!"
Nessos shoots an arrow.
The arrow hits you! The arrow burns you.
There is an open door here.
Nessos shoots an arrow.
The arrow hits you!!
* * * LOW HITPOINT WARNING * * *
The arrow burns you.
* * * LOW HITPOINT WARNING * * *
Nessos shoots an arrow.
The arrow barely misses you.
You hear two shouts!
Which direction?
You close the door.
As you read the scroll of teleportation, it crumbles to dust.
You feel strangely unstable.
An ogre comes into view. It is wielding a +0 giant club.
The ogre mage shouts!
The two-headed ogre shouts in stereo!
The ogre shouts!
Something unseen opens the door.
There is an open door here.
A two-headed ogre comes into view.
It is wielding a +0 giant club and a +0 giant spiked club.
The two-headed ogre shouts in stereo!
As you close the door, it creaks loudly!
Nessos breaks down the door.
Nessos shoots an arrow.
The arrow hits you!
* * * LOW HITPOINT WARNING * * *
The arrow burns you.
* * * LOW HITPOINT WARNING * * *
The two-headed ogre hits you with a +0 giant club!!
You die...

#..c....# #.........##.##...
#.......# #.........##......
#.......# #.........#####...
#.......# #[........# #...
#_...)..# #.........# #...
#####'### ###c######## ###. #).[#
#c..# #. ######'## ##'####### #.
#<[[!...###..@.....# ##
###W.)....#.'...O....# #######
##.'.......#.#........# #.#.#..
)..#.......#.#........#####.#.###
####.......#.#......OO##....#....
#.......#.#........#..##.#####
#.......#.#........O.###......
#.......'.#........### #.#####
#...)...####'####### #.....#


You could see Nessos (fast), 2 two-headed ogres, an ogre mage and an ogre.

Vanquished Creatures
  Gastronok (D:12)
  A boulder beetle (D:13)
  2 hydras
  2 centaur warriors (D:13)
  5 two-headed ogres
  Urug (D:12)
  Nergalle (D:12)
  An ugly thing (D:12)
  2 manticores (D:11)
  2 cyclopes
  3 unseen horrors
  2 gargoyles
  2 kobold demonologists
  3 trolls
  A hornet (D:11)
  3 slime creatures (D:12)
  A shadow (D:5)
  A vampire (D:10)
  8 wraiths
  20 yaks
  A basilisk (D:12)
  A human (D:7)
  A steam dragon (D:9)
  2 wargs (D:7)
  12 vampire mosquitoes
  2 water moccasins
  11 orc warriors
  2 sky beasts
  An ice beast (D:8)
  8 ogres
  3 centaurs
  3 phantoms
  5 kobold brigands
  3 bullfrogs
  2 elf zombies (Ossuary)
  2 necrophages
  2 gnoll sergeants
  2 scorpions
  6 killer bees (D:9)
  7 howler monkeys
  An electric eel (D:12)
  2 centaur zombies (Ossuary)
  2 human zombies (Ossuary)
  4 jellies
  3 gnoll boudas (D:7)
  10 orc priests
  The ghost of croobank the Caller, a weakling FeSu (D:3)
  10 hounds
  An iguana (D:7)
  Ijyb (D:3)
  13 orc wizards
  2 mummies (Ossuary)
  18 gnolls
  6 adders
  2 white imps
  An ufetubus (D:5)
  An adder zombie (Ossuary)
  3 worms
  6 dart slugs
  43 orcs
  8 endoplasms
  A giant cockroach (D:3)
  15 goblins
  9 hobgoblins
  7 jackals
  15 kobolds
  5 quokkas
  8 ball pythons
  9 bats
  2 frilled lizards
  A goblin zombie (Ossuary)
  12 hobgoblin zombies (Ossuary)
  2 jackal zombies (Ossuary)
  3 kobold zombies (Ossuary)
  10 orc zombies (Ossuary)
  8 rats
  2 rat zombies (Ossuary)
385 creatures vanquished.

Vanquished Creatures (others)
  5 fungi
  3 plants (D:7)
  2 withered plants (D:3)
10 creatures vanquished.

Grand Total: 395 creatures vanquished

Notes
Turn   | Place    | Note
-------+----------+-------------------------------------------
     0 | D:1      | cdecastro the Mummy Ice Elementalist began the quest for
                  | the Orb.
     0 | D:1      | Reached XP level 1. HP: 13/13 MP: 4/4
   348 | D:1      | Reached XP level 2. HP: 17/19 MP: 2/5
   955 | D:1      | Gained mutation: You are in touch with the powers of death.
                  | [Mummy growth]
   955 | D:1      | Reached XP level 3. HP: 24/24 MP: 1/7
  1574 | D:2      | You fall into a shaft and drop 2 floors!
  1576 | D:4      | Identified the +9 short sword of Pis Ceuch {vorpal, rCorr
                  | Str-5 Int+4 Dex+4}
  1780 | D:4      | Learned a level 3 spell: Frozen Ramparts
  1784 | D:4      | Learned a level 3 spell: Ozocubu's Armour
  1832 | D:4      | Identified the +11 whip of the Shrike {freeze, Dex+3}
  1944 | D:3      | Reached XP level 4. HP: 30/30 MP: 8/8
  2108 | D:3      | Found a runed translucent door.
  2109 | D:3      | Noticed croobank's ghost (weakling FeSu)
  2458 | D:3      | Reached skill level 5 in Ice Magic
  2715 | D:2      | Found a faded altar of an unknown god.
  2739 | D:2      | Reached XP level 5. HP: 34/35 MP: 9/9
  2949 | D:2      | Reached skill level 1 in Maces & Flails
  3352 | D:2      | Prayed at the altar of an unknown god.
  3352 | D:2      | Became a worshipper of Sif Muna the Loreminder
  3352 | D:2      | Reached * piety under Sif Muna
  3779 | D:3      | Noticed Ijyb
  3799 | D:3      | Killed Ijyb
  4356 | D:4      | Noticed a phantom
  4373 | D:4      | Killed a phantom
  4374 | D:4      | Reached XP level 6. HP: 30/41 MP: 7/10
  4569 | D:4      | Found a staircase to the Ecumenical Temple.
  4731 | D:5      | Entered Level 5 of the Dungeon
  4762 | D:5      | Found a sacrificial altar of Ru.
  4798 | D:5      | Reached skill level 2 in Maces & Flails
  4808 | D:5      | Noticed a water moccasin
  4813 | D:5      | Killed a water moccasin
  5043 | D:5      | Noticed a shadow
  5056 | D:5      | Killed a shadow
  5057 | D:5      | Reached skill level 3 in Maces & Flails
  5057 | D:5      | Reached XP level 7. HP: 46/46 MP: 8/11
  5383 | D:5      | Found a shadowy altar of Dithmenos.
  5551 | D:5      | Found Peodgho's Antique Armour Shop.
  5555 | D:5      | Bought an embroidered robe for 92 gold pieces
  5884 | D:6      | Reached XP level 8. HP: 52/52 MP: 8/12
  6155 | D:6      | Reached skill level 4 in Maces & Flails
  6357 | D:6      | Found Rykholum's Armour Boutique.
  7042 | D:6      | Found an ornate altar of the Wu Jian Council.
  7176 | D:7      | Found a runed translucent door.
  7184 | D:7      | Found a basalt altar of Yredelemnul.
  7329 | D:7      | Reached skill level 5 in Maces & Flails
  7332 | D:7      | Reached XP level 9. HP: 52/57 MP: 4/13
  7590 | D:7      | Reached ** piety under Sif Muna
  7918 | D:6      | Learned a level 4 spell: Hailstorm
  8039 | D:7      | Reached skill level 6 in Maces & Flails
  8208 | D:7      | Noticed a cyclops
  8388 | D:8      | Reached skill level 5 in Spellcasting
  8410 | D:8      | Reached XP level 10. HP: 63/63 MP: 6/19
  8424 | D:8      | Found a transporter.
  8424 | D:8      | Found a transporter.
  8426 | D:8      | Found a transporter.
  8427 | D:8      | Found a transporter.
  8511 | D:8      | Found a sand-covered staircase.
  8517 | Ossuary  | Entered an ossuary
  8597 | Ossuary  | Reached *** piety under Sif Muna
  9035 | D:8      | Found Wahuer's Magic Scroll Boutique.
  9076 | D:8      | Bought a scroll of vulnerability for 40 gold pieces
  9076 | D:8      | Bought a scroll of silence for 95 gold pieces
  9076 | D:8      | Bought a scroll of identify for 20 gold pieces
  9076 | D:8      | Bought a scroll of fear for 40 gold pieces
  9076 | D:8      | Bought a scroll of teleportation for 30 gold pieces
  9076 | D:8      | Bought a scroll of teleportation for 30 gold pieces
  9076 | D:8      | Bought a scroll of teleportation for 30 gold pieces
  9473 | D:9      | Reached skill level 7 in Maces & Flails
  9836 | D:9      | Noticed a two-headed ogre
  9849 | D:9      | Killed a two-headed ogre
  9850 | D:9      | Reached skill level 10 in Ice Magic
 10078 | D:9      | Reached **** piety under Sif Muna
 10084 | D:9      | Reached skill level 10 in Spellcasting
 10119 | D:9      | Reached skill level 1 in Conjurations
 10435 | D:10     | Entered Level 10 of the Dungeon
 10652 | D:10     | Found a runed translucent door.
 10654 | D:10     | Found a shimmering altar of Xom.
 10654 | D:10     | Noticed croobank's ghost (journeyman OpSu)
 10654 | D:10     | Noticed a +0 flail of chaos
 11448 | D:10     | Reached XP level 11. HP: 57/68 MP: 18/25
 11641 | D:11     | Found a staircase to the Lair.
 11663 | D:11     | Reached skill level 8 in Maces & Flails
 11958 | D:11     | Noticed a four-headed hydra
 11972 | D:11     | Killed a four-headed hydra
 12044 | D:11     | Noticed a two-headed ogre
 12050 | D:11     | Killed a two-headed ogre
 12230 | D:11     | Reached skill level 5 in Conjurations
 12346 | D:11     | Noticed Bombi's ghost (journeyman SpWn)
 12347 | D:11     | Noticed a minotaur
 12406 | D:11     | Found a runed translucent gate.
 12406 | D:11     | Found a runed translucent gate.
 12406 | D:11     | Found a runed translucent gate.
 12406 | D:11     | Found Negraadgh's Antique Weapon Shoppe.
 12518 | D:11     | Found a staircase to the Orcish Mines.
 12527 | D:11     | Reached skill level 9 in Maces & Flails
 12662 | D:11     | Found Qygg's Armour Emporium.
 12781 | D:12     | Reached ***** piety under Sif Muna
 13291 | D:12     | Noticed Urug
 13302 | D:12     | Received a gift from Sif Muna
 13313 | D:12     | Killed Urug
 13354 | D:12     | Got Jiakuun's Catalogue of Algid Vapour {god gift}
 13465 | D:12     | Noticed Erolcha
 13487 | D:12     | HP: 3/68 [Erolcha/+0 giant spiked club (29)]
 13493 | D:13     | Noticed a cyan ugly thing
 13935 | D:12     | Noticed Gastronok
 13953 | D:12     | Killed Gastronok
 13977 | D:12     | Noticed a six-headed hydra
 13991 | D:12     | Killed a six-headed hydra
 13992 | D:12     | Reached XP level 12. HP: 74/74 MP: 12/26
 14439 | D:12     | Noticed Nergalle
 14640 | D:12     | Killed Nergalle
 14641 | D:12     | Reached skill level 10 in Maces & Flails
 15812 | D:3      | Killed croobank's ghost
 16158 | D:7      | Noticed a two-headed ogre
 16182 | D:7      | Killed a two-headed ogre
 18708 | D:13     | Reached skill level 1 in Invocations
 18871 | D:13     | Noticed a centaur warrior
 18883 | D:13     | Killed a centaur warrior
 19499 | D:13     | Noticed a two-headed ogre
 19501 | D:13     | Noticed a two-headed ogre
 19512 | D:13     | Killed a two-headed ogre
 19512 | D:13     | Received a gift from Sif Muna
 19513 | D:13     | Noticed a two-headed ogre
 19517 | D:13     | Noticed an ogre mage
 19518 | D:13     | Killed a two-headed ogre
 19717 | D:13     | Noticed a boulder beetle
 19773 | D:13     | Killed a boulder beetle
 19978 | D:13     | Got Sif Muna's Almanac of Glaciation and Hexing {god gift}
 20229 | D:13     | Noticed a centaur warrior
 20246 | D:13     | Killed a centaur warrior
 20247 | D:13     | Reached skill level 11 in Maces & Flails
 20247 | D:13     | Reached skill level 5 in Invocations
 20547 | D:13     | Noticed Nessos
 20566 | D:13     | Noticed a two-headed ogre
 20567 | D:13     | Slain by a two-headed ogre

Illustrated notes

Levels and vault maps discovered:
D:1:      minmay_arrival_cross, layout_loops_ring,
          chequers_serial_rivers_small_a
D:2:      minmay_skewed_foursquare, layout_loops_ring,
          ebering_ecumenical_altar_webs, minmay_randomly_rotated_circles
D:3:      kennysheep_goblin_castle, layout_basic, gammafunk_ghost_grave
D:4:      layout_cave_pools, minmay_temple_entry_antechambers,
          serial_column_ruins, column_ruins_corridor_straight,
          column_ruins_columns_straight, column_ruins_open_medium,
          serial_bayou_pond_b
D:5:      layout_loops_cross, mainiacjoe_overflow_surrounded_room,
          hangedman_ru_absence, serial_shops, shop, nrook_mini_backslash,
          grunt_decor_one_mirror, minmay_strange_pillars, minmay_starry_boxes
D:6:      layout_layer_cave, kennysheep_little_box, serial_shops,
          nicolae_take_the_stairs
D:7:      lemuel_castle_with_subvaults [lemuel_castle_interior_original],
          layout_loops_ring, dk_yredelemnul_ordeal, hex_large
D:8:      layout_rooms, serial_shops, nicolae_shop_hallway_stairs,
          nicolae_ossuary_entry_plus, minmay_misc_feat_tower,
          nicolae_diode_quadrants
D:9:      layout_roguey
D:10:     layout_loops_corners, mainiacjoe_overflow_alcove_4, ebering_ghost_xom
D:11:     layout_roguey, lair_entry_dummy, orc_david_3, serial_shops, shop,
          maelrawn_ghost_gauntlet_escape
D:12:     layout_loops_cross, fungi_pond_lemuel, grunt_ministairs_1,
          uniq_erolcha, uniq_gastronok, uniq_nergalle, uniq_urug
D:13:     layout_roguey [special_room_orc], david_vaults_5, uniq_nessos

Skill      XL: |  1  2  3  4  5  6  7  8  9 10 11 12 |
---------------+-------------------------------------+-----
Ice Magic      | 4 5 6 7 9 10 | 10.0
Maces & Flails | 1 3 5 6 7 9 11 | 11.0
Spellcasting   | 6 10 | 10.0
Conjurations   | 2 7 8 |  8.6
Invocations    | 5 |  5.1
Dodging        | |  1.5
Stealth        | |  1.5

Action                   |  1- 3 |  4- 6 |  7- 9 | 10-12 || total
-------------------------+-------+-------+-------+-------++-------
Melee: Hand axe          |     8 |       |       |       ||     8
       Unarmed           |     2 |       |       |       ||     2
       Punch             |     1 |       |       |       ||     1
       Whip              |     8 |   132 |   167 |   612 ||   919
       Short sword       |     7 |       |       |       ||     7
       Dagger            |     4 |       |       |       ||     4
Throw: Dart              |       |       |       |     4 ||     4
 Cast: Freeze            |    49 |       |       |       ||    49
       Frozen Ramparts   |       |     2 |    14 |    58 ||    74
       Ozocubu's Armour  |       |     1 |    13 |    61 ||    75
       Hailstorm         |       |       |       |    19 ||    19
Evoke: Wand              |       |       |       |     2 ||     2
  Use: Scroll            |       |       |     8 |    12 ||    20
 Stab: Sleeping          |     1 |     3 |       |       ||     4
Armor: Robe              |    13 |    20 |    31 |   155 ||   219
Dodge: Dodged            |    36 |    81 |   101 |   321 ||   539
